 Dungeon Crawl Stone Soup version 0.31.0-9-g3a7656b989 (webtiles) character file.

Game seed: 18169730382499035803

44 Kenran the Ruffian (level 3, -3/25 HPs)
             Began as a Vampire Shapeshifter on Jan 31, 2024.
             Slain by a bombardier beetle (5 damage)
             ... on level 3 of the Dungeon.
             The game lasted 00:02:14 (1378 turns).

Kenran the Ruffian (Vampire Shapeshifter)           Turns: 1378, Time: 00:02:15

Health: -3/25      AC:  2    Str: 15    XL:     3   Next: 39%
Magic:  3/3        EV: 12    Int: 12    God:
Gold:   59         SH:  0    Dex: 13    Spells: 2/2 levels left

rFire   . .          .
                       - Unarmed
rCold   . . .        (no shield)
rNeg    . . .        a - +0 animal skin
rPois   .            (helmet currently unavailable)
rElec   .            (cloak currently unavailable)
rCorr   .            (gloves currently unavailable)
SInv    +            (boots currently unavailable)
Will    .....        (no amulet)
Stlth   +            (no ring)
HPRegen 0.44/turn    (no ring)
MPRegen 0.08/turn

%: no passive effects
@: on fire, beast-form, healing quickly, glowing
A: beast (slay +1), alive, fangs 3, see invisible, vampiric 2
a: Exsanguinate, Begin Untransformation


You were on level 3 of the Dungeon.
You were a hulking beast.
You visited 1 branch of the dungeon, and saw 3 of its levels.

You collected 59 gold pieces.

Inventory:

Armour
 a - a +0 animal skin (worn)
 f - a +0 pair of boots
 g - a +0 helmet
Jewellery
 i - an amulet of faith {!P}
Talismans
 c - a beast talisman
 d - a flux talisman
Wands
 b - a wand of paralysis (8)
Scrolls
 e - a scroll of identify {@r1}
Potions
 j - 2 potions of mutation {unknown}


   Skills:
 - Level 0.8 Fighting
 - Level 2.1 Dodging
 - Level 3.0 Stealth
 + Level 4.4 Unarmed Combat
 - Level 3.2 Shapeshifting


You had 2 spell levels left.
You didn't know any spells.
Your spell library was empty.

Dungeon Overview and Level Annotations

Branches:
Dungeon (3/15)

Altars:
Wu Jian


Innate Abilities, Weirdness & Mutations

You are a hulking beast.
Your limbs bulge with bestial killing power. (Slay +1)
Your natural rate of healing is accelerated.
You have razor-sharp teeth.
You have supernaturally acute eyesight. (SInv)
You are afflicted with vampirism and can become a bat while bloodless.


Message History

You kill the giant cockroach!
No target in view!
No target in view!
Things that are here:
a +0 war axe; an orc corpse You now have 59 gold pieces (gained 8).
You open the door.
There is an open door here.
Found an escape hatch in the ceiling.
There is an escape hatch in the ceiling here.
There is an escape hatch in the floor here.
A bombardier beetle comes into view.
The bombardier beetle sprays incendiary fluid at you.
The burning spray hits you.
You are covered in liquid fire!
You shake off some of the fire as you move.
The liquid fire burns you!
You shake off some of the fire as you move.
The liquid fire burns you! The bombardier beetle bites you.
You barely miss the bombardier beetle. The liquid fire burns you!
The bombardier beetle bites you.
You hit the bombardier beetle.
The bombardier beetle is lightly wounded.
The liquid fire burns you!
* * * LOW HITPOINT WARNING * * *
You feel better. The liquid fire burns you!
* * * LOW HITPOINT WARNING * * *
The bombardier beetle barely misses you.
You hit the bombardier beetle.
The bombardier beetle is moderately wounded.
The liquid fire burns you!
* * * LOW HITPOINT WARNING * * *
You feel better. The liquid fire burns you!
* * * LOW HITPOINT WARNING * * *
The bombardier beetle bites you.
You die...

####.##### # #.# #.####
# ####.# #.##.## #
..##.# #...#.# # #
#.##.# ####.## #. #.##.#
##.# #..##.##.# ##..# #
###........######...####
......Bh...............+
###......#####.##...####
##...#.# #.###..# #
#.....# #.####.# ##.####
#.#....# #. ###.#.##.#
#. #........## #.
#.###.##..## #.#
#.##...##


You could see a bombardier beetle.

Vanquished Creatures
  An adder (D:2)
  An orc (D:3)
  2 ball pythons
  2 bats
  3 endoplasms
  2 giant cockroaches (D:3)
  4 goblins
  6 hobgoblins
  2 jackals (D:1)
  A quokka (D:2)
  A frilled lizard (D:1)
  A kobold (D:1)
  3 rats
29 creatures vanquished.

Notes
Turn   | Place    | Note
-------+----------+-------------------------------------------
     0 | D:1      | Kenran the Vampire Shapeshifter began the quest for the
                  | Orb.
     0 | D:1      | Reached XP level 1. HP: 14/14 MP: 1/1
   123 | D:1      | Reached skill level 1 in Stealth
   185 | D:1      | Reached XP level 2. HP: 14/20 MP: 2/2
   460 | D:2      | HP: 1/30 [poisoned by an adder]
   473 | D:2      | Reached skill level 4 in Unarmed Combat
   587 | D:2      | Gained mutation: You are afflicted with vampirism and can
                  | become a bat while bloodless. [Vampire growth]
   587 | D:2      | Reached XP level 3. HP: 25/25 MP: 3/3
  1185 | D:3      | Found an ornate altar of the Wu Jian Council.
  1378 | D:3      | Slain by a bombardier beetle

Illustrated notes

Levels and vault maps discovered:
D:1:      mainiacjoe_arrival_oval_in_oval, layout_basic
D:2:      layout_loops_ring, minmay_strange_pillars
D:3:      layout_loops_corners, cheibriados_altar_1,
          nicolae_wu_jian_glorious_leap

Skill      XL: |  1  2 |
---------------+-------+-----
Stealth        | 1 3 |  3.0
Unarmed Combat | 4 |  4.4
Fighting       | |  0.8
Dodging        | |  2.1
Shapeshifting  | |  3.2

Action                     || total
---------------------------++-------
  Melee: Unarmed           ||    65
         Bite              ||     5
         Punch             ||     1
    Use: Potion            ||     3
         Scroll            ||     1
   Stab: Sleeping          ||     6
 Armour: Animal skin       ||    34
         Skin              ||     6
  Dodge: Dodged            ||    27
